 Dungeon Crawl Stone Soup version 0.27-a0-1193-g8631133539 (webtiles) character file.

Game seed: 664993759227364915

90 Zonian the Charlatan (level 4, -10/35 HPs)
             Began as a Demigod Artificer on May 26, 2021.
             Mangled by an orc warrior
             ... wielding a +2 war axe of pain
              (16 damage)
             ... on level 3 of the Dungeon.
             The game lasted 00:05:56 (3318 turns).

Zonian the Charlatan (Demigod Artificer)            Turns: 3318, Time: 00:05:59

Health: -10/35     AC:  5    Str: 13    XL:     4   Next: 11%
Magic:  6/6        EV: 11    Int: 17    God:
Gold:   66         SH:  0    Dex: 14    Spells: 2/3 levels left

rFire    + . .     SeeInvis .   j - +1 dagger (elec)
rCold    . . .     Faith    .   (no shield)
rNeg     . . .     Spirit   .   b - +0 leather armour
rPois    .         Reflect  .   i - +1 helmet
rElec    .         Harm     .   (no cloak)
rCorr    .         Rampage  .   (no gloves)
Will     .....                  (no boots)
Stlth    ++........             (no amulet)
HPRegen  0.11/turn              r - ring of protection from fire
MPRegen  0.10/turn              (no ring)

@: no status effects
A: high mp 1, forlorn
a: no special abilities


You were on level 3 of the Dungeon.
You visited 1 branch of the dungeon, and saw 3 of its levels.

You collected 66 gold pieces.

Inventory:

Hand Weapons
 a - a +0 club
 j - a +1 dagger of electrocution (weapon)
 k - the +5 shortbow of Doecvif {freeze, rN+}
   (You acquired it on level 2 of the Dungeon)

   It causes projectiles fired from it to freeze those they strike, causing
   extra injury to most foes and up to half again as much damage against
   particularly susceptible opponents.
   They can also slow down cold-blooded creatures.
   It protects you from negative energy.
Missiles
 h - 14 poisoned darts
 m - 7 boomerangs
 p - 3 javelins
Armour
 b - a +0 leather armour (worn)
 g - a +0 buckler
 i - a +1 helmet (worn)
Jewellery
 r - a ring of protection from fire (left hand)
Wands
 c - a wand of flame (10) (quivered)
 d - a wand of charming (15)
Scrolls
 f - a scroll of blinking
Potions
 n - a potion of mutation
 o - a potion of haste
Miscellaneous
 e - a piece from Xom's chessboard (12/15)


   Skills:
 + Level 1.5 Fighting
 + Level 0.8 Short Blades
 - Level 0.8 Maces & Flails
 + Level 2.2 Armour
 + Level 1.5 Dodging
 + Level 1.3 Stealth
 + Level 0.5 Conjurations
 + Level 3.2 Evocations


You had 2 spell levels left.
You knew the following spells:

 Your Spells              Type           Power      Damage    Failure   Level
a - Magic Dart            Conj           4%         1d3       24%         1

Your spell library contained the following spells:

 Spells                   Type           Power      Damage    Failure   Level
 Blink                    Tloc           N/A        N/A       41%         2
 Call Imp                 Summ           0%         N/A       41%         2
 Slow                     Hex            0%         N/A       41%         2
 Conjure Flame            Conj/Fire      0%         6-21      63%         3
 Mephitic Cloud           Conj/Pois/Air  0%         N/A       65%         3


Dungeon Overview and Level Annotations

Branches:
Dungeon (3/15)

Annotations:
D:3 3 runed translucent doors, freelancePsychic's ghost, amateur OgWr


Innate Abilities, Weirdness & Mutations

Your attributes grow dramatically as you level up.
You have an increased reservoir of magic. (+10% MP)
You shall have no god before yourself.


Message History

An orc comes into view. It is wielding a +0 trident.
The orc shouts!
An orc warrior comes into view. It is wielding a +2 war axe of pain.
Found a club.
Unknown command.
The orc warrior shouts!
You hear a shout! 2 orcs come into view.
An orc comes into view. It is wielding a +0 short sword.
The orc moves out of view.
You make a move on Xom's chessboard...
The orc twists and deforms.
Unknown command.
You make a move on Xom's chessboard...
The orc appears confused.
Unknown command.
You make a move on Xom's chessboard...
The orc warrior is moving more slowly.
The orc closely misses you.
Unknown command.
Unknown command.
You hit the orc warrior but do no damage.
Lightning courses through the orc warrior!
The orc warrior is moderately wounded.
The orc hits you from afar with a +0 trident.
The orc warrior hits you with a +2 war axe of pain.
You writhe in agony.
You hit the orc warrior but do no damage.
Lightning courses through the orc warrior!
The orc warrior is severely wounded.
The orc closely misses you.
The orc warrior hits you with a +2 war axe of pain!
You hit the orc warrior.
The orc warrior is severely wounded.
The orc hits you from afar with a +0 trident.
The orc warrior hits you with a +2 war axe of pain.
Unknown command.
You catch the helpless orc warrior completely off-guard!
You hit the orc warrior.
The orc warrior is severely wounded.
The orc hits you from afar with a +0 trident.
* * * LOW HITPOINT WARNING * * *
The orc warrior hits you with a +2 war axe of pain!
You die...

...## .... #..# #..#
#..# .. #o.##.)..
#oo...... #o####.##
##@## ##...## #
##.#.#.##.#
#.........#
##.#.#.#### #....##
###.#.####### #####
#...........######....
#.#
#.#########.#......#..


You could see an orc warrior (petrifying) and 3 orcs.

Vanquished Creatures
  3 adders
  A worm (D:2)
  2 dart slugs (D:1)
  4 endoplasms
  2 giant cockroaches
  6 goblins
  10 hobgoblins
  4 jackals (D:2)
  2 kobolds
  3 ball pythons
  8 bats
  3 frilled lizards
  7 rats
55 creatures vanquished.

Notes
Turn   | Place    | Note
-------+----------+-------------------------------------------
     0 | D:1      | Zonian the Demigod Artificer began the quest for the Orb.
     0 | D:1      | Reached XP level 1. HP: 15/15 MP: 3/3
   499 | D:1      | Reached skill level 1 in Fighting
   904 | D:1      | Reached skill level 1 in Dodging
   955 | D:1      | Reached XP level 2. HP: 9/23 MP: 4/4
  1354 | D:1      | Reached skill level 3 in Evocations
  1407 | D:1      | Reached skill level 1 in Stealth
  1641 | D:1      | Learned a level 1 spell: Magic Dart
  1720 | D:2      | Reached XP level 3. HP: 28/28 MP: 5/5
  1891 | D:2      | Identified a scroll of acquirement
  1892 | D:2      | Acquired the +5 shortbow of Doecvif {freeze, rN+}
  3090 | D:3      | Found a runed translucent gate.
  3090 | D:3      | Found a runed translucent gate.
  3091 | D:3      | Found a runed translucent gate.
  3091 | D:3      | Noticed freelancePsychic's ghost (amateur OgWr)
  3202 | D:3      | Reached XP level 4. HP: 35/35 MP: 6/6
  3306 | D:3      | Noticed an orc warrior
  3318 | D:3      | Mangled by an orc warrior

Illustrated notes

Levels and vault maps discovered:
D:1:      nagdon_arrival_double_spiral, layout_rooms
D:2:      layout_basic, kennysheep_generic_room_4
D:3:      layout_loops_ring, overflow_temple_1_default, gammafunk_ghost_split,
          shapermc_ecumenical_altar_mp_ritualfount, serial_shops, shop_statue,
          uniq_jessica, uniq_crazy_yiuf_cottage, uniq_robin

Skill      XL: |  1  2 |
---------------+-------+-----
Fighting       | 1 |  1.5
Dodging        | 1 |  1.5
Armour         | 2 |  2.2
Evocations     | 3 |  3.2
Stealth        | 1 |  1.3
Short Blades   | |  0.8
Maces & Flails | |  0.8
Conjurations   | |  0.5

Action                   |  1- 3 |  4- 6 || total
-------------------------+-------+-------++-------
Melee: Club              |    42 |       ||    42
       Dagger            |   105 |     6 ||   111
Evoke: Wand              |     5 |       ||     5
       Piece from Xom's  |       |     3 ||     3
  Use: Scroll            |     8 |       ||     8
 Stab: Sleeping          |     1 |       ||     1
       Petrifying        |       |     1 ||     1
Armor: Leather armour    |    70 |     2 ||    72
Dodge: Dodged            |   101 |     2 ||   103
Block: Buckler           |    15 |       ||    15

Table legend: (Time is in decaauts)
 A = Elapsed time spent in this place.
 B = Non-inter-level travel time spent in this place.
 C = Inter-level travel time spent in this place.
 D = Time resting spent in this place.
 E = Time spent auto-exploring this place.
 F = Levels seen in this place.
 G = Mean time per level.
                   A        B        C        D        E       F      G
               +--------+--------+--------+--------+--------+-----+--------+
         Total |   3335 |   3281 |     54 |   1723 |   1069 |   3 | 1111.7 |
       Dungeon |   3335 |   3281 |     54 |   1723 |   1069 |   3 | 1111.7 |
               +--------+--------+--------+--------+--------+-----+--------+

Top non-repeatable levels by time:
     D:1: 1694 daAuts
     D:2: 1409 daAuts
     D:3: 231 daAuts
